 Dungeon Crawl Stone Soup version 0.24-a0-762-gca426f56c8 (webtiles) character file.

Game seed: 13106627507229216645, levelgen mode: deterministic

1158 Gildeon the Slasher (level 8, -15/68 HPs)
             Began as a Grey Draconian Fighter on Oct 3, 2019.
             Blown up by Ijyb (17 damage)
             ... with a disintegration bolt
             ... on level 5 of the Dungeon.
             The game lasted 00:19:19 (5057 turns).

Gildeon the Slasher (Grey Draconian Fighter)        Turns: 5057, Time: 00:19:19

Health: -15/68     AC: 12    Str: 19    XL:     8   Next: 16%
Magic:  19/19      EV: 12    Int: 10    God:
Gold:   422        SH: 10    Dex: 11    Spells: 1/7 levels left

rFire    . . .     SeeInvis .   a - +0 long sword
rCold    + . .     Gourm    .   b - +0 shield
rNeg     . . .     Faith    .   (armour unavailable)
rPois    .         Spirit   .   (helmet restricted)
rElec    .         Reflect  .   (no cloak)
rCorr    .         Harm     .   o - +0 pair of gloves
MR       .....                  (no boots)
Stlth    +.........             i - amulet of rage
HPRegen  0.21/turn              l - ring of magical power
MPRegen  0.16/turn              g - ring of protection from cold

@: no status effects
A: walk through water, unfitting armour, unbreathing, cold-blooded, AC +11
a: Evoke Berserk Rage


You were on level 5 of the Dungeon.
You were not hungry.

You visited 1 branch of the dungeon, and saw 6 of its levels.
You also visited: Ossuary.

You collected 422 gold pieces.

Inventory:

Hand Weapons
 a - a +0 long sword (weapon)
 j - a +5 short sword
Armour
 b - a +0 shield (worn)
 o - a +0 pair of gloves (worn)
Jewellery
 g - a ring of protection from cold (right hand)
 i - an amulet of rage (around neck)
 l - a ring of magical power (left hand)
 y - a +2 amulet of reflection {unknown}
Scrolls
 c - 3 scrolls of teleportation
 e - 2 scrolls of enchant weapon
 f - 4 scrolls of remove curse
 h - a scroll of amnesia
 k - 2 scrolls of fog {unknown}
 s - 2 scrolls of enchant armour {unknown}
 v - a scroll of blinking {unknown}
Potions
 n - a potion of invisibility
 p - 2 potions of haste
 q - 2 potions of brilliance
 r - 3 potions of flight
 t - a potion of degeneration {unknown}
 u - a potion of berserk rage {unknown}
 w - 2 potions of lignification {unknown}
 x - 3 potions of curing
Comestibles
 d - 12 rations
 m - 4 chunks of flesh


   Skills:
 - Level 5.0 Fighting
 + Level 5.9 Long Blades
 - Level 5.0 Dodging
 + Level 5.2 Shields
 + Level 2.8 Evocations


You had one spell level left.
You knew the following spells:

 Your Spells              Type           Power        Failure   Level  Hunger
a - Swiftness             Chrm/Air       #.......     90%         2    ###....
b - Blink                 Tloc           N/A          90%         2    ###....
c - Slow                  Hex            #.......     90%         2    ###....

Your spell library contained the following spells:

 Spells                   Type           Power        Failure   Level  Hunger
 Magic Dart               Conj           #...         80%         1    ##.....
 Shock                    Conj/Air       #...         80%         1    ##.....
 Call Imp                 Summ           #.......     90%         2    ###....
 Conjure Flame            Conj/Fire      #.......     99%         3    ####...
 Mephitic Cloud           Conj/Pois/Air  #.......     99%         3    ####...
 Static Discharge         Conj/Air       #.......     99%         3    ####...
 Airstrike                Air            #.........   100%        4    #####..
 Lightning Bolt           Conj/Air       #.........   100%        5    ######.


Dungeon Overview and Level Annotations

Branches:
Dungeon (6/15)            Ossuary (visited)
 Temple: D:4-7

Altars:

Annotations:
D:5 Ijyb


Innate Abilities, Weirdness & Mutations

You can walk through water.
Your dull iron-grey scales are very hard. (AC +11)
You cannot fit into any form of body armour.
You can survive without breathing.
You are cold-blooded and may be slowed by cold attacks.


Message History

Ijyb is moderately wounded.
You block Ijyb's attack.
Ijyb zaps a wand.
You are blasted!
You hit Ijyb.
Ijyb is heavily wounded.
Ijyb hits you but does no damage.
Ijyb zaps a wand.
You are blasted!
* * * LOW HITPOINT WARNING * * *
You slash Ijyb!
Ijyb is severely wounded.
Ijyb barely misses you.
You slash Ijyb!
Ijyb is almost dead.
Ijyb hits you but does no damage. x2
You hit Ijyb.
Ijyb is almost dead.
You block Ijyb's attack.
Ijyb zaps a wand.
You are blasted!
* * * LOW HITPOINT WARNING * * *
Your shield prevents you from hitting Ijyb.
Ijyb is almost dead.
Ijyb zaps a wand.
You are blasted!
You die...

#.........#..........(...#
#.##.###..#..........#####
#.##.# #..#.........##
..##.###..#.........#
....................########
#.##......##...............#
....>.....#####.##########.#
#.#######.#
#.##########.#####
#.#######.#
#.@g.............#
#.........#
############.###.#
#########.# #.# #.# #.#
##.###.# #.# ##...##.# #.#
#....##.# #.# #....##.# #.#
#.#####.# #.# #.# #..


You could see Ijyb.

Vanquished Creatures
  Edmund (D:5)
  An ice beast (D:5)
  An ogre (D:5)
  An elf zombie (Ossuary)
  2 crimson imps (D:5)
  A human zombie (Ossuary)
  A jelly (D:5)
  2 hounds (D:5)
  2 bullfrog skeletons
  An orc priest (D:5)
  3 orc wizards
  An iguana (D:5)
  5 worker ants
  A big kobold zombie (Ossuary)
  A hound zombie (Ossuary)
  4 mummies (Ossuary)
  8 adders
  An ooze (D:1)
  An adder zombie (Ossuary)
  3 worms
  A dart slug (D:2)
  3 leopard geckos
  16 orcs
  7 bats
  4 giant cockroaches
  2 gnoll zombies (Ossuary)
  10 goblins
  4 hobgoblins
  9 jackals
  14 kobolds
  2 quokkas (D:5)
  2 ball pythons
  4 frilled lizards
  A goblin zombie (Ossuary)
  A jackal zombie (Ossuary)
  2 orc zombies (Ossuary)
  A quokka skeleton (D:2)
  6 rats
  A rat zombie (Ossuary)
131 creatures vanquished.

Notes
Turn   | Place    | Note
-------+----------+-------------------------------------------
     0 | D:1      | Gildeon the Draconian Fighter began the quest for the Orb.
     0 | D:1      | Reached XP level 1. HP: 19/19 MP: 1/1
   160 | D:1      | Reached XP level 2. HP: 21/26 MP: 2/2
   517 | D:1      | Reached XP level 3. HP: 33/33 MP: 3/3
  1093 | D:2      | Reached XP level 4. HP: 26/40 MP: 4/4
  1860 | D:3      | Noticed a hippogriff
  2213 | D:3      | Reached XP level 5. HP: 47/47 MP: 5/5
  2326 | D:3      | Found a faded altar of an unknown god.
  2569 | D:4      | Found a sand-covered staircase.
  2574 | Ossuary  | Entered an ossuary
  2605 | Ossuary  | Reached skill level 5 in Fighting
  2605 | Ossuary  | Reached XP level 6. HP: 11/56 MP: 6/6
  3804 | D:4      | Your scales start taking on a dull iron-grey colour.
  3804 | D:4      | Reached XP level 7. HP: 46/61 MP: 7/7
  3804 | D:4      | Gained mutation: You can survive without breathing. [Grey
                  | Draconian growth]
  3808 | D:4      | Learned a level 2 spell: Swiftness
  3827 | D:4      | Learned a level 2 spell: Blink
  3830 | D:4      | Learned a level 2 spell: Slow
  3970 | D:5      | Entered Level 5 of the Dungeon
  3970 | D:5      | Noticed Edmund
  3999 | D:5      | Killed Edmund
  4091 | D:5      | Reached skill level 5 in Long Blades
  4091 | D:5      | Reached skill level 5 in Dodging
  4190 | D:5      | Reached skill level 1 in Evocations
  4591 | D:6      | Reached XP level 8. HP: 57/68 MP: 9/9
  4656 | D:5      | Reached skill level 5 in Shields
  5046 | D:5      | Noticed Ijyb
  5056 | D:5      | HP: 2/68 [disintegration (12)]
  5057 | D:5      | Blown up by Ijyb

Levels and vault maps discovered:
D:1:      kilobyte_arrival_exit_the_forest, layout_basic
D:2:      layout_loops_ring
D:3:      layout_rooms, chequers_ecumenical_altar_grove, first_ration
D:4:      layout_rooms, nicolae_ossuary_entry_monument
D:5:      layout_loops_ring, guppyfry_early_lair_pool, uniq_ijyb, uniq_edmund
D:6:      layout_basic, basic_altar, uniq_pikel

Skill      XL: |  1  2  3  4  5  6  7  8 |
---------------+-------------------------+-----
Dodging        | 3 4 5 |  5.0
Fighting       | 4 5 |  5.0
Long Blades    | 3 4 5 |  5.9
Shields        | 4 5 |  5.2
Evocations     | 2 |  2.8

Action                   |  1- 3 |  4- 6 |  7- 9 || total
-------------------------+-------+-------+-------++-------
Melee: Long sword        |    96 |   215 |   176 ||   487
       Tailslap          |    10 |    31 |    26 ||    67
       Dagger            |    12 |       |       ||    12
 Abil: Evoke Berserk Rag |       |     1 |       ||     1
  Use: Scroll            |     1 |    12 |     2 ||    15
       Potion            |       |     2 |     4 ||     6
  Eat: Chunk             |     1 |     7 |     4 ||    12
       Ration            |       |     1 |       ||     1
Armor: Skin              |    36 |    84 |    57 ||   177
Dodge: Dodged            |    55 |   150 |    69 ||   274
Block: Shield            |    57 |   138 |    93 ||   288
       Rpst.: Long sword |    19 |    46 |    22 ||    87

Table legend:
 A = Non-vault XP
 B = Vault XP
 C = Vault XP percentage of total XP
 D = Non-vault monster count
 E = Vault monster count
 F = Vault count percentage of total count
                 A         B        C        D         E       F
            +---------+---------+-------+---------+---------+-------
      Total |    1186 |     469 |  28.3 |     111 |      20 |  15.3
            +---------+---------+-------+---------+---------+-------
        D:1 |      56 |       0 |   0.0 |      31 |       0 |   0.0
        D:2 |      61 |       0 |   0.0 |      20 |       0 |   0.0
        D:3 |     131 |       0 |   0.0 |      22 |       0 |   0.0
        D:4 |     230 |       0 |   0.0 |      16 |       0 |   0.0
        D:5 |     647 |     205 |  24.1 |      18 |       4 |  18.2
        D:6 |      61 |       0 |   0.0 |       4 |       0 |   0.0
    Ossuary |       0 |     264 | 100.0 |       0 |      16 | 100.0
            +---------+---------+-------+---------+---------+-------
